TOP OF THE 1ST |
New York Yankees batting - Pitching for Detroit Tigers : RHP Ricky Tercero
|
Pitching: RHP Ricky Tercero
|
|
Batting: LHB Jason Peck
|
0-0: Ball 1-0: Ball 2-0: Called Strike 2-1: Ground out 5-3 (Groundball, 56, EV 86.2 MPH)
|
Batting: RHB C.J. Richerson
|
0-0: Ball 1-0: Swinging Strike 1-1: Called Strike 1-2: TRIPLE (Line Drive, 89XD, EV 106.2 MPH)
|
Batting: SHB Bartholomeu Chambino
|
0-0: Fly out, F9 (Flyball, 9D, EV 98.8 MPH) Runner from 3rd tags up, SCORES, throw by RF
|
Batting: LHB Jim Skare
|
0-0: Ball 1-0: Swinging Strike 1-1: Fly out, F8 (Flyball, 78M, EV 78.8 MPH)
|
Top of the 1st over - 1 run, 1 hit, 0 errors, 0 left on base; New York 1 - Detroit 0 |
BOTTOM OF THE 1ST |
Detroit Tigers batting - Pitching for New York Yankees : LHP Arturo Eli
|
Pitching: LHP Arturo Eli
|
|
Batting: RHB Dave Reynolds
|
0-0: Ball 1-0: Foul Ball, location: 2F 1-1: Ball 2-1: Swinging Strike 2-2: Ball 3-2: Strikes out swinging
|
Batting: RHB Ryan Neal
|
0-0: SOLO HOME RUN (Flyball, 7D, EV 101.2 MPH), Distance : 412 ft
|
Batting: RHB Chris Wheatley
|
0-0: Ball 1-0: Called Strike 1-1: Called Strike 1-2: Ball 2-2: Ball 3-2: Strikes out looking
|
Batting: LHB Morgan Black
|
0-0: Ball 1-0: Called Strike 1-1: Swinging Strike 1-2: Strikes out swinging
|
Bottom of the 1st over - 1 run, 1 hit, 0 errors, 0 left on base; New York 1 - Detroit 1 |
TOP OF THE 2ND |
New York Yankees batting - Pitching for Detroit Tigers : RHP Ricky Tercero
|
Batting: RHB Adriaan Pieters
|
0-0: Ball 1-0: Ball 2-0: Called Strike 2-1: Called Strike 2-2: Strikes out looking
|
Batting: RHB Shiro Suehiro
|
0-0: Called Strike 0-1: Called Strike 0-2: Strikes out swinging
|
Batting: LHB David Bramble
|
0-0: Foul Ball, location: 2F 0-1: Ball 1-1: Ball 2-1: Foul Ball, location: 2F 2-2: Fly out, F5 (Popup, 25F, EV 93.8 MPH)
|
Top of the 2nd over - 0 runs, 0 hits, 0 errors, 0 left on base; New York 1 - Detroit 1 |
BOTTOM OF THE 2ND |
Detroit Tigers batting - Pitching for New York Yankees : LHP Arturo Eli
|
Batting: RHB Greg Harman
|
0-0: Ball 1-0: Called Strike 1-1: Ball 2-1: Ball 3-1: Base on Balls
|
Batting: RHB Jerry Jauregui
|
0-0: Called Strike 0-1: Called Strike Greg Harman steals 2nd base 0-2: SINGLE (Groundball, 6D, EV 98.8 MPH) Greg Harman to third
|
Batting: RHB Victor Quinones
|
0-0: Grounds into double play, 6-4-3 (Groundball, 6, EV 88.1 MPH) Greg Harman scores
|
Batting: RHB Luke Feeney
|
0-0: Ball 1-0: Ball 2-0: Called Strike 2-1: Ball 3-1: Base on Balls
|
Batting: RHB Andres Leon
|
0-0: Called Strike 0-1: Fly out, F9 (Flyball, 89S, EV 83.8 MPH)
|
Bottom of the 2nd over - 1 run, 1 hit, 0 errors, 1 left on base; New York 1 - Detroit 2 |
TOP OF THE 3RD |
New York Yankees batting - Pitching for Detroit Tigers : RHP Ricky Tercero
|
Batting: RHB Geni Prawiranega
|
0-0: Fly out, F4 (Flyball, 4MD, EV 82.5 MPH)
|
Batting: RHB Russ Shambaugh
|
0-0: Called Strike 0-1: Ball 1-1: Called Strike 1-2: Ball 2-2: Ground out 6-3 (Groundball, 6, EV 83.1 MPH)
|
Batting: LHB Jason Peck
|
0-0: Swinging Strike 0-1: DOUBLE (Flyball, 7LD, EV 96.2 MPH)
|
Batting: RHB C.J. Richerson
|
0-0: Ground out 5-3 (Groundball, 56S, EV 83.8 MPH)
|
Top of the 3rd over - 0 runs, 1 hit, 0 errors, 1 left on base; New York 1 - Detroit 2 |
BOTTOM OF THE 3RD |
Detroit Tigers batting - Pitching for New York Yankees : LHP Arturo Eli
|
Batting: RHB Dave Reynolds
|
0-0: Ball 1-0: Ball 2-0: Ball 3-0: Base on Balls
|
Batting: RHB Ryan Neal
|
0-0: Called Strike 0-1: Foul Ball, location: 2F 0-2: Ball 1-2: Foul Ball, location: 2F 1-2: Foul Ball, location: 2F 1-2: Foul Ball, location: 2F 1-2: Ball 2-2: Grounds into double play, 4-6-3 (Groundball, 34, EV 80.6 MPH)
|
Batting: RHB Chris Wheatley
|
0-0: Called Strike 0-1: Ground out 6-3 (Groundball, 56, EV 86.2 MPH)
|
Bottom of the 3rd over - 0 runs, 0 hits, 0 errors, 0 left on base; New York 1 - Detroit 2 |
TOP OF THE 4TH |
New York Yankees batting - Pitching for Detroit Tigers : RHP Ricky Tercero
|
Batting: SHB Bartholomeu Chambino
|
0-0: Ball 1-0: Ball 2-0: Foul Ball, location: 2F 2-1: Foul Ball, location: 2F 2-2: Strikes out swinging
|
Batting: LHB Jim Skare
|
0-0: Ball 1-0: SINGLE (Line Drive, 34, EV 100.0 MPH)
|
Batting: RHB Adriaan Pieters
|
0-0: Ball 1-0: Foul Ball, location: 2F 1-1: Called Strike 1-2: SINGLE (Popup, 4MD, EV 53.1 MPH) Jim Skare to second
|
Batting: RHB Shiro Suehiro
|
0-0: Called Strike 0-1: Fielders Choice at 2nd, 6-4 (Groundball, 6D, EV 106.9 MPH) Jim Skare to third
|
Batting: LHB David Bramble
|
0-0: Ball 1-0: Foul Ball, location: 2F 1-1: Ball 2-1: Foul Ball, location: 2F 2-2: Ball 3-2: Foul Ball, location: 2F 3-2: Strikes out swinging
|
Top of the 4th over - 0 runs, 2 hits, 0 errors, 2 left on base; New York 1 - Detroit 2 |
BOTTOM OF THE 4TH |
Detroit Tigers batting - Pitching for New York Yankees : LHP Arturo Eli
|
Batting: LHB Morgan Black
|
0-0: Called Strike 0-1: Ground out 6-3 (Groundball, 56, EV 102.5 MPH)
|
Batting: RHB Greg Harman
|
0-0: Fly out, F9 (Flyball, 89M, EV 89.4 MPH)
|
Batting: RHB Jerry Jauregui
|
0-0: Ball 1-0: Ball 2-0: Called Strike 2-1: Swinging Strike 2-2: Strikes out swinging
|
Bottom of the 4th over - 0 runs, 0 hits, 0 errors, 0 left on base; New York 1 - Detroit 2 |
TOP OF THE 5TH |
New York Yankees batting - Pitching for Detroit Tigers : RHP Ricky Tercero
|
Batting: RHB Geni Prawiranega
|
0-0: Ball 1-0: Called Strike 1-1: Fly out, F5 (Popup, 25, EV 87.5 MPH)
|
Batting: RHB Russ Shambaugh
|
0-0: Ball 1-0: Swinging Strike 1-1: Foul Ball, location: 2F 1-2: Strikes out swinging
|
Batting: LHB Jason Peck
|
0-0: Called Strike 0-1: SOLO HOME RUN (Flyball, 78XD, EV 110.0 MPH), Distance : 427 ft
|
Batting: RHB C.J. Richerson
|
0-0: Called Strike 0-1: Ball 1-1: Ball 2-1: Swinging Strike 2-2: Strikes out looking
|
Top of the 5th over - 1 run, 1 hit, 0 errors, 0 left on base; New York 2 - Detroit 2 |
BOTTOM OF THE 5TH |
Detroit Tigers batting - Pitching for New York Yankees : LHP Arturo Eli
|
Batting: RHB Victor Quinones
|
0-0: Ball 1-0: Ball 2-0: Foul Ball, location: 2F 2-1: Foul Ball, location: 2F 2-2: Ball 3-2: Base on Balls
|
Batting: RHB Luke Feeney
|
0-0: Called Strike 0-1: TRIPLE (Flyball, 9D, EV 99.4 MPH) Victor Quinones scores
|
Batting: RHB Andres Leon
|
0-0: Ball 1-0: Ball 2-0: Ball 3-0: Base on Balls
|
Batting: RHB Dave Reynolds
|
0-0: Foul Ball, location: 2F 0-1: Ball 1-1: SINGLE (Flyball, 78S, EV 88.1 MPH) Luke Feeney scores Andres Leon to second
|
Batting: RHB Ryan Neal
|
0-0: Called Strike 0-1: Ball 1-1: Called Strike Andres Leon steals 3rd base Dave Reynolds to second 1-2: Ground out 6-3 (Groundball, 6M, EV 101.2 MPH)
|
Batting: RHB Chris Wheatley
|
0-0: Ball 1-0: DOUBLE (Line Drive, 3D, EV 99.4 MPH) Andres Leon scores Dave Reynolds scores
|
Pitching: LHP Francisco Rivas
|
|
Batting: LHB Morgan Black
|
0-0: Ball 1-0: Fly out, F2 (Popup, 2LF, EV 85.6 MPH)
|
Batting: RHB Greg Harman
|
0-0: Ball 1-0: Foul Ball, location: 2F 1-1: DOUBLE (Line Drive, 78D, EV 103.8 MPH) Chris Wheatley scores
|
Batting: RHB Jerry Jauregui
|
0-0: Called Strike 0-1: Ball 1-1: SINGLE (Flyball, 5D, EV 92.5 MPH) Greg Harman to third Runner from 3rd tries for Home, SAFE, throw by LF to home
|
Batting: RHB Victor Quinones
|
0-0: Ball 1-0: Ball 2-0: SINGLE (Line Drive, 3D, EV 96.2 MPH) Jerry Jauregui to second Runner from 2nd tries for 3rd, OUT! 9-5
|
Bottom of the 5th over - 6 runs, 6 hits, 0 errors, 1 left on base; New York 2 - Detroit 8 |
TOP OF THE 6TH |
New York Yankees batting - Pitching for Detroit Tigers : RHP Ricky Tercero
|
Batting: SHB Bartholomeu Chambino
|
0-0: Fly out, F8 (Flyball, 8LD, EV 110.0 MPH)
|
Batting: LHB Jim Skare
|
0-0: Ball 1-0: Ball 2-0: Foul Ball, location: 2F 2-1: Ball 3-1: Foul Ball, location: 2F 3-2: Foul Ball, location: 2F 3-2: Foul Ball, location: 2F 3-2: Base on Balls
|
Batting: RHB Adriaan Pieters
|
0-0: Ball 1-0: Called Strike 1-1: Foul Ball, location: 2F 1-2: Strikes out swinging
|
Batting: RHB Shiro Suehiro
|
0-0: Ball 1-0: Fly out, F7 (Flyball, 7D, EV 86.9 MPH)
|
Top of the 6th over - 0 runs, 0 hits, 0 errors, 1 left on base; New York 2 - Detroit 8 |
BOTTOM OF THE 6TH |
Detroit Tigers batting - Pitching for New York Yankees : LHP Francisco Rivas
|
Batting: RHB Luke Feeney
|
0-0: Called Strike 0-1: Foul Ball, location: 2F 0-2: Foul Ball, location: 2F 0-2: Ball 1-2: DOUBLE (Groundball, 3L, EV 93.8 MPH)
|
Batting: RHB Andres Leon
|
0-0: Called Strike 0-1: SINGLE (Groundball, 4MS, EV 68.8 MPH) (infield hit) Luke Feeney to third
|
Batting: RHB Dave Reynolds
|
0-0: Called Strike Andres Leon steals 2nd base 0-1: Ball 1-1: Swinging Strike 1-2: Ground out U3 (Groundball, 3S, EV 89.4 MPH)
|
Batting: RHB Ryan Neal
|
0-0: Called Strike 0-1: Ground out 6-3 (Groundball, 6, EV 83.1 MPH) Luke Feeney scores Andres Leon to third
|
Batting: RHB Chris Wheatley
|
0-0: Swinging Strike 0-1: Swinging Strike 0-2: Foul Ball, location: 2F 0-2: Ball 1-2: Foul Ball, location: 2F 1-2: Fly out, F4 (Popup, 4M, EV 73.8 MPH)
|
Bottom of the 6th over - 1 run, 2 hits, 0 errors, 1 left on base; New York 2 - Detroit 9 |
TOP OF THE 7TH |
New York Yankees batting - Pitching for Detroit Tigers : RHP Ricky Tercero
|
Batting: LHB David Bramble
|
0-0: Ball 1-0: Ball 2-0: Ball 3-0: Called Strike 3-1: Called Strike 3-2: Foul Ball, location: 2F 3-2: Ground out 4-3 (Groundball, 34, EV 88.8 MPH)
|
Batting: RHB Geni Prawiranega
|
0-0: Ground out 6-3 (Groundball, 6, EV 86.2 MPH)
|
Batting: RHB Russ Shambaugh
|
0-0: Ball 1-0: Called Strike 1-1: Foul Ball, location: 2F 1-2: Ball 2-2: Ball 3-2: Foul Ball, location: 2F 3-2: Base on Balls
|
Batting: LHB Jason Peck
|
0-0: Ball 1-0: Foul Ball, location: 2F 1-1: Ball 2-1: Ball 3-1: Base on Balls Russ Shambaugh to second
|
Pitching: RHP Franz Holzknecht
|
|
Batting: RHB C.J. Richerson
|
0-0: Ball 1-0: Called Strike 1-1: SINGLE (Groundball, 56D, EV 106.9 MPH) Russ Shambaugh to third Jason Peck to second Runner from 3rd tries for Home, SAFE, throw by LF to home
|
Batting: SHB Bartholomeu Chambino
|
0-0: Foul Ball, location: 2F 0-1: Ball 1-1: Called Strike 1-2: Ball 2-2: SINGLE (Groundball, 34D, EV 101.9 MPH) Jason Peck to third C.J. Richerson to second Runner from 3rd tries for Home, SAFE, throw by RF to home
|
Batting: LHB Jim Skare
|
0-0: Called Strike 0-1: Swinging Strike 0-2: Ground out 6-3 (Groundball, 6S, EV 91.9 MPH)
|
Top of the 7th over - 2 runs, 2 hits, 0 errors, 2 left on base; New York 4 - Detroit 9 |
BOTTOM OF THE 7TH |
Detroit Tigers batting - Pitching for New York Yankees : LHP Francisco Rivas
|
Batting: LHB Morgan Black
|
0-0: Ground out U3 (Groundball, 3L, EV 83.8 MPH)
|
Batting: RHB Greg Harman
|
0-0: Ball 1-0: Foul Ball, location: 2F 1-1: Foul Ball, location: 2F 1-2: Ball 2-2: SINGLE (Groundball, 6MS, EV 71.2 MPH) (infield hit)
|
Batting: RHB Jerry Jauregui
|
0-0: Swinging Strike 0-1: Ball 1-1: Swinging Strike 1-2: Foul Ball, location: 2F 1-2: Strikes out looking
|
Pitching: RHP Isaias Chavez
|
|
Batting: RHB Victor Quinones
|
0-0: Ball 1-0: Foul Ball, location: 2F 1-1: Called Strike Greg Harman steals 2nd base 1-2: Foul Ball, location: 2F 1-2: Foul Ball, location: 2F 1-2: Ball 2-2: Ball 3-2: Ground out 5-3 (Groundball, 56S, EV 80.6 MPH)
|
Bottom of the 7th over - 0 runs, 1 hit, 0 errors, 1 left on base; New York 4 - Detroit 9 |
TOP OF THE 8TH |
New York Yankees batting - Pitching for Detroit Tigers : RHP Franz Holzknecht
|
Batting: RHB Adriaan Pieters
|
0-0: Ball 1-0: DOUBLE (Groundball, 3L, EV 105.0 MPH)
|
Batting: RHB Shiro Suehiro
|
0-0: Ball 1-0: Swinging Strike 1-1: Ball 2-1: Foul Ball, location: 2F 2-2: Strikes out swinging, 2-3 out at first.
|
Batting: LHB David Bramble
|
0-0: Ground out 4-3 (Groundball, 4, EV 106.2 MPH) Adriaan Pieters to third
|
Batting: RHB Geni Prawiranega
|
0-0: Called Strike 0-1: Foul Ball, location: 2F 0-2: Ball 1-2: Ball 2-2: Ball 3-2: Ground out 6-3 (Groundball, 56D, EV 106.9 MPH)
|
Top of the 8th over - 0 runs, 1 hit, 0 errors, 1 left on base; New York 4 - Detroit 9 |
BOTTOM OF THE 8TH |
Detroit Tigers batting - Pitching for New York Yankees : RHP Isaias Chavez
|
Batting: RHB Luke Feeney
|
0-0: Ball 1-0: Ball 2-0: Fly out, F8 (Flyball, 8RXD, EV 100.0 MPH)
|
Batting: RHB Andres Leon
|
0-0: Called Strike 0-1: Ball 1-1: Ball 2-1: Ball 3-1: Foul Ball, location: 2F 3-2: Base on Balls
|
Batting: RHB Dave Reynolds
|
0-0: Called Strike Andres Leon steals 2nd base (no throw) 0-1: Ball Andres Leon steals 3rd base 1-1: Ground out 4-3 (Groundball, 4M, EV 77.5 MPH) Andres Leon scores
|
Batting: RHB Ryan Neal
|
0-0: Ball 1-0: Called Strike 1-1: Called Strike 1-2: Strikes out swinging
|
Bottom of the 8th over - 1 run, 0 hits, 0 errors, 0 left on base; New York 4 - Detroit 10 |
TOP OF THE 9TH |
New York Yankees batting - Pitching for Detroit Tigers : RHP Franz Holzknecht
|
Batting: RHB Russ Shambaugh
|
0-0: Ball 1-0: Ball 2-0: Ball 3-0: Base on Balls
|
Batting: LHB Jason Peck
|
0-0: Foul Ball, location: 2F 0-1: Ball 1-1: Called Strike 1-2: Foul Ball, location: 2F 1-2: Ball 2-2: Foul Ball, location: 2F 2-2: Ball 3-2: Foul Ball, location: 2F 3-2: Base on Balls Russ Shambaugh to second
|
Batting: RHB C.J. Richerson
|
0-0: Ball 1-0: Ball 2-0: Ball 3-0: Base on Balls Russ Shambaugh to third Jason Peck to second
|
Batting: SHB Bartholomeu Chambino
|
0-0: DOUBLE (Groundball, 3L, EV 109.4 MPH) Russ Shambaugh scores Jason Peck scores C.J. Richerson to third
|
Pitching: RHP Joe Bradford
|
|
Batting: LHB Jim Skare
|
0-0: Called Strike 0-1: Swinging Strike 0-2: Ball 1-2: Strikes out swinging
|
Batting: RHB Adriaan Pieters
|
0-0: Swinging Strike 0-1: Ball 1-1: Ball 2-1: Foul Ball, location: 2F 2-2: Ball 3-2: Strikes out looking
|
Batting: RHB Shiro Suehiro
|
0-0: Called Strike 0-1: Ball 1-1: Foul Ball, location: 2F 1-2: Strikes out swinging
|
Top of the 9th over - 2 runs, 1 hit, 0 errors, 2 left on base; New York 6 - Detroit 10 |
|